 Dungeon Crawl Stone Soup version 0.29.1-2-gbd0b4ee654 (webtiles) character file.

Game seed: 15243232569797160889

250 McKennaii the Conjurer (level 5, -2/38 HPs)
             Began as a Demigod Conjurer on Nov 19, 2022.
             Slain by Eustachio
             ... wielding a +0 rapier
              (3 damage)
             ... on level 4 of the Dungeon.
             The game lasted 00:02:41 (3575 turns).

McKennaii the Conjurer (Demigod Conjurer)           Turns: 3575, Time: 00:02:42

Health: -2/38      AC: 10    Str:  8    XL:     5   Next: 57%
Magic:  1/12       EV: 12    Int: 24    God:
Gold:   146        SH:  0    Dex: 12    Spells: 3/10 levels left

rFire   . . .      SeeInvis .   r - +1 dagger (protect)
rCold   . . .      Faith    .   (no shield)
rNeg    . . .      Spirit   .   a - +0 robe
rPois   .          Reflect  .   (no helmet)
rElec   .          Harm     .   h - scarf {shadows}
rCorr   .          Rampage  .   (no gloves)
Will    .....                   i - +0 pair of boots
Stlth   ++........              (no amulet)
HPRegen 0.12/turn               (no ring)
MPRegen 0.13/turn               (no ring)

@: under a protective aura
A: high MP 1, forlorn, divine attributes
a: no special abilities


You were on level 4 of the Dungeon.
You visited 1 branch of the dungeon, and saw 4 of its levels.

You collected 146 gold pieces.

Inventory:

Hand Weapons
 r - a +1 dagger of protection (weapon)
Armour
 a - a +0 robe (worn)
 h - a scarf of shadows (worn)
 i - a +0 pair of boots (worn)
Scrolls
 c - 2 scrolls of immolation {unknown}
 d - a scroll of fear {unknown}
 e - 2 scrolls of identify {unknown}
 g - a scroll of amnesia {unknown}
 j - 2 scrolls of butterflies {unknown}
 m - 2 scrolls of teleportation {unknown}
 p - a scroll of magic mapping {unknown}
 q - a scroll of noise {unknown}
 t - 3 scrolls of enchant weapon {unknown}
 u - a scroll of blinking {unknown}
 v - a scroll of poison {unknown}
 w - a scroll of brand weapon {unknown}
Potions
 b - a potion of magic
 f - a potion of curing
 k - 2 potions of flight {unknown}
 l - 2 potions of heal wounds {unknown}
 n - a potion of invisibility {unknown}
 o - a potion of attraction {unknown}
 s - a potion of mutation {unknown}


   Skills:
 + Level 3.1 Dodging
 + Level 3.4 Stealth
 + Level 3.0 Spellcasting
 + Level 4.4 Conjurations


You had 3 spell levels left.
You knew the following spells:

 Your Spells              Type           Power      Damage    Failure   Level
a - Magic Dart            Conj           100%       1d8       1%          1
b - Searing Ray           Conj           50%        2d6       2%          2
c - Iskenderun's Mystic   Conj/Tloc      14%        2d5       38%         4

Your spell library contained the following spells:

 Spells                   Type           Power      Damage    Failure   Level
 Dazzling Flash           Conj/Hex       28%        N/A       13%         3
 Fulminant Prism          Conj/Hex       7%         3d7       38%         4
 Leda's Liquefaction      Hex/Erth       1%         N/A       71%         4
 Lee's Rapid Deconstruct  Erth           1%         3d5*      96%         5
 Starburst                Conj/Fire      7%         6d4       100%        6
 Statue Form              Tmut/Erth      2%         N/A       100%        6


Dungeon Overview and Level Annotations

Branches:
Dungeon (4/15)             Temple (0/1) D:4

Shops:
D:1 [

Annotations:
D:4 Eustachio


Innate Abilities, Weirdness & Mutations

You have an increased reservoir of magic. (+10% MP)
You shall have no god before yourself.
Your divine heritage dramatically boosts your attributes as you level up.


Message History

The white imp hits you. The white imp freezes you.
The rat bites you but does no damage. Eustachio hits you but does no damage.
Unknown command.
The searing ray hits Eustachio.
Eustachio is almost dead.
You finish channelling your searing ray.
The white imp hits you but does no damage.
The rat bites you but does no damage.
Eustachio mumbles some strange words.
Unknown command.
You aren't carrying any items that you can evoke.
You hit Eustachio.
Your weapon exudes an aura of protection.
Eustachio is almost dead.
The white imp gestures at you. The puff of frost misses you.
The puff of frost hits the rat.
The rat dies!
The rat's corpse disappears in a puff of smoke!
Eustachio closely misses you.
You closely miss Eustachio.
Eustachio is almost dead.
The white imp closely misses you. Eustachio closely misses you.
Unknown command.
You hit Eustachio but do no damage.
Eustachio is almost dead.
The white imp barely misses you. Eustachio hits you with a +0 rapier!
* * * LOW HITPOINT WARNING * * *
Unknown command.
You hit Eustachio.
Eustachio is almost dead.
The white imp hits you.
* * * LOW HITPOINT WARNING * * *
The white imp freezes you.
* * * LOW HITPOINT WARNING * * *
Eustachio barely misses you.
You closely miss Eustachio.
Eustachio is almost dead.
The white imp hits you but does no damage.
Eustachio hits you with a +0 rapier.
You die...

### ..# .(#
..## ########
...# #....@5#
...#
####.####@#
...#
#.......#5#
...#
#)##.##.rr.
##.######.##.#
....
#...........#
...#
########.####
...# #...
.†###


You could see Eustachio, a quasit (summoned), a white imp (summoned) and a rat
(summoned).

Vanquished Creatures
  A gnoll bouda (D:3)
  Natasha (thrice) (D:3)
  2 adders
  5 gnolls (D:3)
  2 worms
  4 dart slugs
  An orc (D:3)
  6 ball pythons
  8 bats
  4 endoplasms
  5 giant cockroaches
  5 goblins
  3 hobgoblins
  8 kobolds
  4 quokkas (D:2)
  4 frilled lizards
  4 rats
69 creatures vanquished.

Notes
Turn   | Place    | Note
-------+----------+-------------------------------------------
     0 | D:1      | McKennaii the Demigod Conjurer began the quest for the Orb.
     0 | D:1      | Reached XP level 1. HP: 14/14 MP: 5/5
   155 | D:1      | Found Zoyf's Antique Armour Emporium.
   195 | D:1      | Reached XP level 2. HP: 20/20 MP: 2/7
  1311 | D:2      | Reached XP level 3. HP: 26/26 MP: 3/8
  1727 | D:2      | Reached skill level 4 in Conjurations
  2464 | D:3      | Learned a level 2 spell: Searing Ray
  2530 | D:3      | Noticed Natasha
  2536 | D:3      | Killed Natasha
  2537 | D:3      | Reached XP level 4. HP: 33/33 MP: 3/10
  2630 | D:3      | Noticed Natasha
  2642 | D:3      | Killed Natasha
  2746 | D:3      | Noticed Natasha
  2750 | D:3      | Killed Natasha
  3035 | D:3      | Learned a level 4 spell: Iskenderun's Mystic Blast
  3082 | D:3      | Reached XP level 5. HP: 38/38 MP: 8/12
  3437 | D:4      | Found a staircase to the Ecumenical Temple.
  3559 | D:4      | Noticed Eustachio
  3574 | D:4      | HP: 1/38 [white imp[Eustachio] (4)]
  3575 | D:4      | Slain by Eustachio

Illustrated notes

Levels and vault maps discovered:
D:1:      heliophobic_arrival_enchanted_forest, layout_basic, serial_shops,
          nicolae_shop_overgrown_old_shop, dilly_ecumenical_altar_fadedgnrine
D:2:      layout_basic, kennysheep_generic_room_5
D:3:      layout_rooms, lightli_temple_of_fire, uniq_natasha
D:4:      layout_loops_cross, minmay_temple_entry_wispy,
          kennysheep_generic_room_10, uniq_eustachio

Skill      XL: |  1  2  3  4  5 |
---------------+----------------+-----
Stealth        | 2 3 |  3.4
Dodging        | 2 3 |  3.1
Spellcasting   | 2 3 |  3.0
Conjurations   | 4 |  4.4

Action                   |  1- 3 |  4- 6 || total
-------------------------+-------+-------++-------
Melee: Dagger            |       |    13 ||    13
 Cast: Magic Dart        |   113 |    52 ||   165
       Searing Ray       |       |     5 ||     5
Armor: Robe              |     2 |     7 ||     9
Dodge: Dodged            |     3 |    30 ||    33
